 Dungeon Sprint DCSS version 0.30-a0-860-g512cf1e979 (webtiles) character file.

Game seed: 8195641736936196146

1200000 BigDaddyOpFi the Spry (level 15, -6/120 HPs)
             Began as a Djinni Warper on Mar 7, 2023.
             Was a Believer of Makhleb.
             Mangled by a meat berserker
             ... wielding a +9 battleaxe
              (94 damage)
             ... in the Dungeon (Sprint VIII: "Arena of Blood").
             The game lasted 00:00:18 (12 turns).

BigDaddyOpFi the Spry (Djinni Warper)                 Turns: 12, Time: 00:00:18

Health: -6/120     AC:  5    Str: 12    XL:     15   Next: 14%
Gold:   0          EV: 21    Int: 16    God:    Makhleb [**....] SH:  0 Dex: 17

rFire   + + .      SeeInvis .    h - +∞ Axe of Woe
rCold   x . .      Faith    .    (shield currently unavailable)
rNeg    . . .      Spirit   .    a - +0 leather armour
rPois   ∞          Reflect  .    (no helmet)
rElec   .          Rampage  .    (no cloak)
rCorr   .          NoTele   +    (no gloves)
Will    +....                    (boots unavailable)
Stlth   ++++                     (no amulet)
HPRegen 0.40/turn                (no ring)
MPRegen 0.00/turn                (no ring)

@: flying
A: sickness immunity, fire resistance 2, cold vulnerability 1, float, innate
caster, HP casting, extra vitality 1
a: Renounce Religion, Minor Destruction


You were in the Dungeon.
You worshipped Makhleb.
Makhleb was pleased with you.
You visited 1 branch

Inventory:

Hand Weapons
 h - the +∞ Axe of Woe (weapon)
   (You found it in the Dungeon)
Missiles
 c - 7 boomerangs of dispersal (quivered)
Armour
 a - a +0 leather armour (worn)
Scrolls
 b - 2 scrolls of blinking
Potions
 d - a potion of curing
 e - a potion of heal wounds
 f - a potion of haste
 g - a potion of berserk rage


   Skills:
 + Level 15.5 Fighting
 + Level 9.4 Axes
 + Level 13.1 Throwing
 + Level 15.3 Armour
 + Level 16.7 Dodging
 + Level 10.3 Stealth
 + Level 15.5 Unarmed Combat
 + Level 12.3 Spellcasting
 + Level 11.2 Invocations


You knew the following spells:

 Your Spells              Type           Power      Damage    Failure   Level
a - Blink                 Tloc           98%        N/A       1%          2
b - Lesser Beckoning      Tloc           98%        N/A       1%          2
c - Vhi's Electric Charg  Tloc/Air       98%        N/A       1%          3
d - Teleport Other        Tloc           49%        N/A       1%          3
e - Manifold Assault      Tloc           49%        N/A       1%          4
f - Apportation           Tloc           98%        N/A       1%          1
g - Searing Ray           Conj           98%        2d8       1%          2
h - Scorch                Fire           98%        2d10      1%          2
i - Hailstorm             Conj/Ice       49%        3d11      1%          3
j - Iskenderun's Battles  Conj           49%        2d10      1%          5
k - Irradiate             Conj/Tmut      24%        3d19      1%          5
l - Dispersal             Tloc           24%        N/A       9%          6
Your spell library was empty.

Dungeon Overview and Level Annotations

Branches:
Dungeon (1/1)

Altars:
Makhleb


Innate Abilities, Weirdness & Mutations

You are immune to sickness and miasma.
You are immune to poison.
Your flesh is very heat resistant. (rF++)
You are vulnerable to cold. (rC-)
You float through the air rather than walking.
You learn spells naturally, not from books.
Your magical power is your life essence.
You have superior vitality. (+4 MHP)


Message History

You kill the meat berserker!
Makhleb accepts your kill.
You slash the meat berserker!
You butcher the meat berserker messily.
You kill the meat berserker!
Makhleb accepts your kill.
You hear a shout! x9
The meat berserker rages.
A bag of meat comes into view. It is wielding a +9 war axe. x2
The bag of meat hits you with a +9 war axe!!
You hear a shout! x7
Your Fighting skill gained 2 levels and is now at level 15!
Your Axes skill gained 3 levels and is now at level 9!
Your Throwing skill gained 2 levels and is now at level 13!
Your Armour skill gained 2 levels and is now at level 15!
Your Dodging skill gained 2 levels and is now at level 16!
Your Stealth skill gained 3 levels and is now at level 10!
Your Unarmed Combat skill gained 2 levels and is now at level 15!
Your Spellcasting skill gained 2 levels and is now at level 12!
Your Invocations skill gained 3 levels and is now at level 11!
You have reached level 14!
You have reached level 15!
Your experience leads to an increase in your attributes!
Increase (S)trength, (I)ntelligence, or (D)exterity?
You feel stronger. x2
The power to cast Dispersal wells up from within.
Spell assigned to 'l'.
Unknown command.
Press < or > to pray at altars.
The bag of meat shouts!
You slice the bag of meat!! You chop the bag of meat into pieces.
You kill the bag of meat!
Makhleb accepts your kill.
You can now harness Makhleb's destructive might.
You slash the bag of meat!
You cleave the bag of meat in twain.
You kill the bag of meat!
Makhleb accepts your kill.
You hear a shout! x12
The meat berserker hits you with a +9 battleaxe!!!!
Ouch! That really hurt!
You die...

.. ..... #.
o..# #.. ...# .
.###.. .o.###..
......###......
......_o....
#...)o# #_.<.@#
#....O#
......_.....
......###......
.###.. ...###..
#.. ...# . #.
...# .. .....


You could see a meat berserker (berserk) and 4 bags of meat.

Vanquished Creatures
  3 ogres (D)
  4 orcs (D)
7 creatures vanquished.

Notes
Turn   | Place    | Note
-------+----------+-------------------------------------------
     0 | D        | Found the +∞ Axe of Woe
     0 | D        | BigDaddyOpFi the Djinni Warper began the quest for the Orb.
     0 | D        | BigDaddyOpFi set off with the following spells memorised:
                  | Blink, Lesser Beckoning, Vhi's Electric Charge, Teleport
                  | Other, Manifold Assault.
     0 | D        | Reached XP level 1. HP: 18/18 MP: 0/0
     1 | D        | Noticed a bag of meat
     2 | D        | Noticed a bag of meat
     3 | D        | Noticed a bag of meat
     5 | D        | Killed a bag of meat
     5 | D        | Noticed a meat berserker
     6 | D        | Reached skill level 10 in Armour
     6 | D        | Reached skill level 11 in Dodging
     6 | D        | Reached XP level 2. HP: 37/37 MP: 0/0
     6 | D        | Reached XP level 3. HP: 42/42 MP: 0/0
     6 | D        | Learned a level 1 spell: Apportation
     6 | D        | Reached XP level 4. HP: 49/49 MP: 0/0
     6 | D        | Reached XP level 5. HP: 54/54 MP: 0/0
     6 | D        | Learned a level 2 spell: Searing Ray
     6 | D        | Reached XP level 6. HP: 59/59 MP: 0/0
     6 | D        | Reached XP level 7. HP: 65/65 MP: 0/0
     6 | D        | Learned a level 2 spell: Scorch
     6 | D        | Reached XP level 8. HP: 71/71 MP: 0/0
     6 | D        | Reached XP level 9. HP: 76/76 MP: 0/0
     6 | D        | Learned a level 3 spell: Hailstorm
     6 | D        | Reached XP level 10. HP: 83/83 MP: 0/0
     6 | D        | Reached XP level 11. HP: 87/87 MP: 0/0
     6 | D        | Learned a level 5 spell: Iskenderun's Battlesphere
     6 | D        | Became a worshipper of Makhleb the Destroyer
     6 | D        | Noticed a meat berserker
     7 | D        | Noticed a bag of meat
     8 | D        | Killed a bag of meat
     8 | D        | Noticed a bag of meat
     9 | D        | Reached skill level 10 in Throwing
     9 | D        | Reached skill level 13 in Dodging
     9 | D        | Reached XP level 12. HP: 95/95 MP: 0/0
     9 | D        | Noticed a bag of meat
     9 | D        | Noticed a meat berserker
     9 | D        | Noticed a meat berserker
    10 | D        | Killed a meat berserker
    10 | D        | Reached * piety under Makhleb
    10 | D        | Noticed a bag of meat
    11 | D        | Reached skill level 14 in Dodging
    11 | D        | Reached skill level 10 in Spellcasting
    11 | D        | Reached XP level 13. HP: 104/104 MP: 0/0
    11 | D        | Learned a level 5 spell: Irradiate
    11 | D        | Killed a meat berserker
    11 | D        | Killed a meat berserker
    11 | D        | Noticed a bag of meat
    11 | D        | Noticed a bag of meat
    12 | D        | Reached skill level 15 in Fighting
    12 | D        | Reached skill level 15 in Armour
    12 | D        | Reached skill level 16 in Dodging
    12 | D        | Reached skill level 10 in Stealth
    12 | D        | Reached skill level 15 in Unarmed Combat
    12 | D        | Reached XP level 14. HP: 83/114 MP: 0/0
    12 | D        | Reached XP level 15. HP: 87/120 MP: 0/0
    12 | D        | Learned a level 6 spell: Dispersal
    12 | D        | Reached ** piety under Makhleb
    12 | D        | Mangled by a meat berserker

Illustrated notes

Levels and vault maps discovered:
D:        meatsprint

Skill      XL: |  1  2  3  4  5  6  7  8  9 10 11 12 13 |
---------------+----------------------------------------+-----
Fighting       | 11 12 13 15 | 15.5
Throwing       | 9 10 11 13 | 13.1
Armour         | 10 12 13 15 | 15.3
Dodging        | 11 13 14 16 | 16.7
Unarmed Combat | 11 12 13 15 | 15.5
Spellcasting   | 8 9 10 12 | 12.3
Axes           | 4 6 9 |  9.4
Stealth        | 4 7 10 | 10.3
Invocations    | 4 8 11 | 11.2

Action                     |  1- 3 |  4- 6 |  7- 9 | 10-12 | 13-15 || total
---------------------------+-------+-------+-------+-------+-------++-------
  Melee: Executioner's axe |     1 |       |       |     2 |     2 ||     5
  Dodge: Dodged            |       |       |       |     2 |       ||     2

Table legend: (Time is in decaauts)
 A = Elapsed time spent in this place.
 B = Non-inter-level travel time spent in this place.
 C = Inter-level travel time spent in this place.
 D = Time resting spent in this place.
 E = Time spent auto-exploring this place.
 F = Levels seen in this place.
 G = Mean time per level.
                   A        B        C        D        E       F      G
               +--------+--------+--------+--------+--------+-----+--------+
         Total |     14 |     14 |      0 |      0 |      0 |   1 |   14.0 |
       Dungeon |     14 |     14 |      0 |      0 |      0 |   1 |   14.0 |
               +--------+--------+--------+--------+--------+-----+--------+

Top non-repeatable levels by time:
       D: 14 daAuts
